 Dungeon Crawl Stone Soup version 0.24-a0-368-g0e0cebd0f3 (webtiles) character file.

Game seed: 8259635807613097686

1278 Xerfei the Cutter (level 8, 0/71 HPs)
             Began as a Minotaur Berserker on May 28, 2019.
             Was an Elder of Trog.
             Shot with an arrow by a centaur (8 damage)
             ... on level 6 of the Dungeon on May 29, 2019.
             The game lasted 00:55:15 (7475 turns).

Xerfei the Cutter (Minotaur Berserker)              Turns: 7475, Time: 00:55:16

Health: 0/71       AC:  9    Str: 25    XL:     8   Next: 29%
Magic:  7/7        EV: 13    Int:  4    God:    Trog [****..]
Gold:   343        SH:  0    Dex:  9    Spells: 7/7 levels left

rFire    + . .     SeeInvis .   H - +2 falchion (slice)
rCold    . . .     Gourm    .   (no shield)
rNeg     . . .     Faith    .   w - +2 leather armour {rF+}
rPois    .         Spirit   .   (helmet restricted)
rElec    .         Reflect  .   o - +0 cloak
rCorr    .         Harm     .   x - +0 pair of gloves
MR       +....                  (no boots)
Stlth    ++........             g - amulet of magic regeneration
HPRegen  0.21/turn              F - +2 ring of protection
MPRegen  0.35/turn              A - ring of protection from magic

@: no status effects
A: retaliatory headbutt, horns 2
a: Berserk, Trog's Hand, Brothers in Arms, Renounce Religion


You were on level 6 of the Dungeon.
You worshipped Trog.
Trog was greatly pleased with you.
You were not hungry.

You visited 1 branch of the dungeon, and saw 7 of its levels.

You collected 343 gold pieces.

Inventory:

Hand Weapons
 a - a +0 short sword
 h - a +1 dagger of venom
 y - a +0 war axe
 C - a +1 dagger of draining
 H - a +2 falchion of slicing (weapon)
Armour
 o - a +0 cloak (worn)
 w - a +2 leather armour of fire resistance (worn)
 x - a +0 pair of gloves (worn)
 J - a +0 pair of boots
Jewellery
 e - an uncursed ring of wizardry {unknown}
 g - an amulet of magic regeneration (around neck)
 A - a ring of protection from magic (right hand)
 B - an uncursed ring of flight
 D - an uncursed ring of positive energy {unknown}
 F - a +2 ring of protection (left hand)
 I - an uncursed ring of magical power
Wands
 v - a wand of paralysis (1)
 G - a wand of acid (4)
Scrolls
 d - 2 scrolls of identify
 j - a scroll of random uselessness {unknown}
 m - a scroll of noise {unknown}
 n - a scroll of amnesia {unknown}
 p - 3 scrolls of remove curse
 r - 8 scrolls of teleportation {unknown}
 s - a scroll of magic mapping {unknown}
 M - a scroll of fear {unknown}
Potions
 b - 2 potions of degeneration {unknown}
 f - a potion of ambrosia {unknown}
 i - 4 potions of agility {unknown}
 k - a potion of might {unknown}
 l - a potion of mutation {unknown}
 q - 3 potions of heal wounds {unknown}
 t - 3 potions of flight {unknown}
 u - a potion of lignification {unknown}
 z - a potion of magic {unknown}
 E - a potion of curing {unknown}
 K - a potion of cancellation {unknown}
Comestibles
 c - 16 rations
 L - 3 chunks of flesh


   Skills:
 + Level 6.6 Fighting
 + Level 6.7(7.1) Short Blades
 * Level 3.5(5.9) Long Blades
 + Level 4.0 Armour
 + Level 5.2 Dodging
 + Level 3.0 Stealth


You had 7 spell levels left.
You didn't know any spells.
Your spell library was empty.

Dungeon Overview and Level Annotations

Branches:
Dungeon (7/15)
 Temple: D:4-7

Altars:
Gozag
Hepliaklqana
Sif Muna
Trog
The Shining One

Annotations:
D:6 3 runed translucent doors, fairgil's ghost, novice MiBe


Innate Abilities, Weirdness & Mutations

You reflexively headbutt those who attack you in melee.
You have a pair of horns on your head.


Message History

The centaur shoots an arrow.
The arrow closely misses you.
The centaur shoots an arrow.
The arrow hits you.
You see here 2 arrows.
The centaur shoots an arrow.
The arrow barely misses you.
You hear a shout!
You see here an arrow.
You closely miss the orc warrior.
The centaur shoots an arrow.
The arrow barely misses you. The orc closely misses you.
The centaur unwields a +0 shortbow.
The centaur hits you. The orc warrior barely misses you.
You see here 2 arrows.
The centaur shoots an arrow.
The arrow hits you. The centaur hits you.
An orc comes into view. It is wielding a +0 dagger.
The orc warrior hits you with a +0 dire flail!
* * * LOW HITPOINT WARNING * * *
The centaur closely misses you.
You see here 2 arrows.
The centaur wields a +0 shortbow.
The centaur shoots an arrow.
The arrow hits you!
You die... ............######### ###+++# ............'........ ##sDWSh

a...........#.########
..._.$
.........##..........#
#8..8$.
.........####........#
#.$..$$ .........#
#(.......# ###......#
#.....)..# #......#
#......(.# #......#
#@.......# #(o......#
#oc...((.# #c.((((..#
#........#
....o.......# ###
.............# #<#
#..o....###########'##
##...#### #...........


You could see an orc warrior, 2 centaurs and 2 orcs.

Vanquished Creatures
  2 sky beasts (D:5)
  A phantom (D:5)
  A centaur (D:5)
  A scorpion (D:6)
  3 crimson imps
  A bullfrog zombie (D:7)
  3 hounds
  An orc priest (D:5)
  A bullfrog skeleton (D:3)
  A centaur zombie (D:7)
  A centaur skeleton (D:6)
  2 orc wizards (D:5)
  Ijyb (D:3)
  Jessica (D:3)
  Natasha (thrice) (D:3)
  An iguana (D:4)
  3 worker ants
  A hound skeleton (D:5)
  Robin (D:2)
  A howler monkey skeleton (D:6)
  9 adders
  A shadow imp (D:5)
  3 oozes
  An adder zombie (D:6)
  An adder skeleton (D:5)
  2 worms
  2 dart slugs (D:1)
  A leopard gecko (D:2)
  10 orcs
  5 giant cockroaches
  12 goblins
  13 hobgoblins
  10 jackals
  8 kobolds
  A quokka (D:4)
  A ball python (D:4)
  7 bats
  3 frilled lizards
  2 leopard gecko skeletons (D:4)
  A quokka zombie (D:5)
  11 rats
134 creatures vanquished.

Notes
Turn   | Place    | Note
-------+----------+-------------------------------------------
     0 | D:1      | Xerfei the Minotaur Berserker began the quest for the Orb.
     0 | D:1      | Reached XP level 1. HP: 19/19 MP: 0/0
   409 | D:1      | Reached XP level 2. HP: 21/27 MP: 1/1
  1199 | D:1      | Upgraded the game from 0.24-a0-366-gc1c896e988 to
                  | 0.24-a0-368-g0e0cebd0f3
  1537 | D:2      | Reached XP level 3. HP: 33/33 MP: 2/2
  1718 | D:2      | Noticed Robin
  1719 | D:2      | Reached ** piety under Trog
  1736 | D:2      | Killed Robin
  1897 | D:2      | Reached XP level 4. HP: 41/41 MP: 3/3
  2899 | D:3      | Reached skill level 5 in Fighting
  2899 | D:3      | Reached XP level 5. HP: 43/48 MP: 4/4
  2992 | D:3      | Noticed Ijyb
  2993 | D:3      | Reached skill level 1 in Stealth
  2996 | D:3      | Paralysed by Ijyb for 7 turns
  3017 | D:3      | Killed Ijyb
  3171 | D:3      | Noticed Natasha
  3177 | D:3      | Killed Natasha
  3234 | D:3      | Noticed Jessica
  3303 | D:3      | Noticed Natasha
  3415 | D:3      | Killed Natasha
  3599 | D:3      | Reached skill level 5 in Short Blades
  3629 | D:3      | Killed Jessica
  3771 | D:3      | Noticed Natasha
  3773 | D:3      | Killed Natasha
  3773 | D:3      | Reached XP level 6. HP: 56/56 MP: 5/5
  3776 | D:3      | Found a bloodstained altar of Trog.
  3878 | D:4      | Found a deep blue altar of Sif Muna.
  3985 | D:4      | Reached *** piety under Trog
  4050 | D:4      | Found a glowing golden altar of the Shining One.
  4268 | D:5      | Entered Level 5 of the Dungeon
  4277 | D:4      | Found a hazy altar of Hepliaklqana.
  5137 | D:5      | Noticed a sky beast
  5151 | D:5      | Killed a sky beast
  5151 | D:5      | Reached XP level 7. HP: 62/62 MP: 6/6
  6644 | D:5      | Reached skill level 1 in Long Blades
  6644 | D:5      | Reached skill level 5 in Dodging
  6705 | D:5      | Reached XP level 8. HP: 64/71 MP: 7/7
  7284 | D:7      | Reached **** piety under Trog
  7350 | D:6      | Found a runed translucent gate.
  7352 | D:6      | Found a runed translucent gate.
  7352 | D:6      | Found an opulent altar of Gozag.
  7354 | D:6      | Noticed an ice dragon
  7354 | D:6      | Noticed fairgil's ghost (novice MiBe)
  7355 | D:6      | Found a runed translucent gate.
  7475 | D:6      | Shot with an arrow by a centaur

Levels and vault maps discovered:
D:1:      scummos_arrival_forest, layout_basic
D:2:      layout_basic, uniq_robin
D:3:      layout_basic, marbit_many_paths, first_ration,
          minmay_misc_feat_square, uniq_natasha, uniq_jessica, uniq_ijyb
D:4:      layout_loops_ring, kennysheep_mini_moat, lemuel_round_altar,
          kennysheep_little_box, portal_sewer_entry_e,
          minmay_fractal_squares_diagonal_5
D:5:      layout_basic
D:6:      layout_basic, minmay_temple_entry_waves, ebering_ghost_gozag,
          interstate_on_off
D:7:      layout_loops_ring, grunt_ministairs_8, the_bakery,
          hangedman_abyss_or_decor_slice

Skill      XL: |  1  2  3  4  5  6  7  8 |
---------------+-------------------------+-----
Fighting       | 4 5 6 |  6.6
Short Blades   | 4 5 6 |  6.7
Stealth        | 1 2 3 |  3.0
Dodging        | 3 4 5 |  5.2
Armour         | 3 4 |  4.0
Long Blades    | 2 3 |  3.5

Action                   |  1- 3 |  4- 6 |  7- 9 || total
-------------------------+-------+-------+-------++-------
Melee: Short sword       |    26 |       |       ||    26
       Headbutt          |    14 |    31 |    27 ||    72
       Dagger            |    42 |   148 |    69 ||   259
       Falchion          |       |       |    50 ||    50
Invok: Berserk           |     3 |     3 |       ||     6
       Trog's Hand       |       |     1 |       ||     1
  Use: Scroll            |       |     2 |     4 ||     6
  Eat: Chunk             |     4 |    11 |     1 ||    16
       Ration            |     1 |       |     2 ||     3
Armor: Animal skin       |    10 |     7 |       ||    17
       Leather armour    |       |    16 |    33 ||    49
Dodge: Dodged            |    45 |    74 |    81 ||   200
       Rpst.: Falchion   |       |       |    12 ||    12

Table legend:
 A = Non-vault XP
 B = Vault XP
 C = Vault XP percentage of total XP
 D = Non-vault monster count
 E = Vault monster count
 F = Vault count percentage of total count
                 A         B        C        D         E       F
            +---------+---------+-------+---------+---------+-------
      Total |    1457 |     370 |  20.3 |     105 |      29 |  21.6
            +---------+---------+-------+---------+---------+-------
        D:1 |      40 |       0 |   0.0 |      23 |       0 |   0.0
        D:2 |      60 |      35 |  36.8 |      19 |      11 |  36.7
        D:3 |     156 |     112 |  41.8 |      13 |       4 |  23.5
        D:4 |     124 |     136 |  52.3 |      15 |      12 |  44.4
        D:5 |     861 |       0 |   0.0 |      26 |       0 |   0.0
        D:6 |     216 |       0 |   0.0 |       9 |       0 |   0.0
        D:7 |       0 |      87 | 100.0 |       0 |       2 | 100.0
            +---------+---------+-------+---------+---------+-------
